Map: King of Braxis Station

Players

MrFercho

  • Race: Zerg Zerg
  • Spawn Location: 12:00

tigro

  • Race: Terran Terran
  • Spawn Location: 7:00

iMGoSu

  • Race: Zerg Zerg
  • Spawn Location: 5:00

Anarchy

  • Race: Terran Terran
  • League: Platinum
  • Spawn Location: 11:00

NomaD

  • Race: Zerg Zerg
  • League: Diamond
  • Spawn Location: 6:00

IA (Difícil)

  • Race: Zerg Zerg
  • Spawn Location: 1:00

IA (Difícil)

  • Race: Terran Terran
  • Spawn Location: 3:00

IA (Difícil)

  • Race: Protoss Protoss
  • Spawn Location: 9:00

VOD

Have the link to the VOD?

Description

Time

  • Played on: March 29, 2020, 9:02 p.m.
  • Length: 10:25
Show
View Real Time Build Order
Export as new Build Order

MrFercho Zerg 

Build Orders: Pool First 

Get SALT Encoding   

  12  0:06  Drone  
  13  0:10  Drone  
  14  0:22  Overlord  
  14  0:33  Extractor  
  13  0:43  Drone  
  13  0:44  Drone  
  13  0:46  Drone  
  16  0:55  Spawning Pool  
  15  0:58  Overlord  
  15  1:07  Drone  
  16  1:23  Drone  
  17  1:31  Drone  
  18  1:42  Hatchery  
  18  1:43  Drone  
  18  1:51  Drone  
  19  2:03  Zergling x2  
  20  2:14  Zergling x2  
  21  2:21  Extractor  
  21  2:22  Metabolic Boost  
  20  2:28  Drone  
  21  2:37  Drone  
  22  2:52  Lair, Roach Warren  
  22  2:56  Drone  
  22  2:57  Drone  
  23  3:06  Drone x2  
  23  3:12  Queen  
  25  3:19  Zergling x4  
  29  3:25  Drone  
  30  3:40  Overlord x2  
  30  3:49  Burrow  
  30  3:54  Baneling Nest  
  29  4:00  Infestation Pit  
  29  4:02  Queen  
  30  4:18  Drone x2  
  30  4:19  Drone  
  30  4:21  Roach x2  
  30  4:22  Roach  
  35  4:40  Zergling x8  
  22  5:20  Zergling x8  
  22  5:21  Zergling x4  
  24  5:55  Drone  
  24  5:56  Drone  
  14  6:44  Drone x6  
  20  7:15  Drone x4  
  24  7:34  Drone  
  24  7:35  Drone x3  
  28  7:51  Hive  
  28  8:06  Drone x4  
  32  8:29  Drone x4  
  36  8:37  Roach  
  28  9:20  Roach x3  
  8  9:55  Drone x3  
Show
View Real Time Build Order
Export as new Build Order

tigro Terran 

Build Orders:  

Get SALT Encoding   

  12  0:20  Supply Depot  
  12  0:21  SCV  
  13  0:33  SCV  
  14  0:37  Refinery  
  14  0:43  Refinery  
  14  0:45  SCV  
  15  1:02  Barracks, SCV  
  16  1:14  SCV  
  17  1:26  Supply Depot, SCV  
  18  1:57  Marine  
  18  1:58  Barracks  
  19  2:05  SCV  
  20  2:15  Marine  
  21  2:24  Engineering Bay  
  21  2:33  Marine  
  22  2:44  Orbital Command  
  22  2:50  Barracks Tech Lab  
  22  2:51  Marine  
  23  3:03  Missile Turret  
  23  3:08  Marine  
  24  3:35  Factory  
  24  3:46  Missile Turret  
  24  3:57  Barracks Tech Lab  
  24  3:59  Marauder  
  26  4:09  Missile Turret  
  26  4:19  Terran Infantry Weapons Level 1  
  26  4:20  Marauder  
  26  4:21  Combat Shield  
  28  4:34  Factory Tech Lab  
  28  4:42  Marauder  
  30  4:47  Missile Turret  
  30  4:58  Factory  
  30  5:20  Supply Depot  
  30  5:25  Marine  
  31  5:39  Concussive Shells  
  31  5:40  Siege Tank  
  31  5:41  Marauder  
  36  5:43  Marine  
  36  5:46  Factory Tech Lab  
  37  6:01  Armory, Marine  
  37  6:02  Marauder  
  40  6:13  Terran Infantry Armor Level 1  
  40  6:19  Marine  
  40  6:22  Stimpack  
  41  6:55  Infernal Pre-Igniter  
  41  7:00  Missile Turret  
  41  7:21  Missile Turret  
  41  7:49  Starport  
  41  8:03  Terran Vehicle Weapons Level 1  
  41  8:07  Neosteel Armor  
  41  8:14  Mag-Field Accelerator  
  41  8:26  Medivac  
  43  8:28  Starport  
  43  8:35  SCV  
  44  8:57  Marine  
  45  9:08  Starport Tech Lab  
  45  9:10  Starport Tech Lab  
  45  9:15  Marine  
  46  9:32  Missile Turret  
  46  9:33  Marine  
  34  9:51  Marine  
  35  10:11  SCV  
Show
View Real Time Build Order
Export as new Build Order

iMGoSu Zerg 

Build Orders: Hatch First, Roach Hydra 

Get SALT Encoding   

  12  0:01  Drone  
  13  0:12  Overlord  
  13  0:18  Drone  
  14  0:30  Drone x2  
  14  0:34  Drone  
  17  0:45  Drone  
  18  0:56  Drone  
  19  1:06  Drone  
  19  1:07  Hatchery  
  19  1:10  Extractor  
  18  1:22  Spawning Pool  
  18  1:23  Drone  
  18  1:32  Drone  
  19  1:38  Overlord  
  19  1:53  Drone  
  20  2:05  Drone  
  21  2:09  Queen  
  23  2:36  Queen  
  25  2:38  Zergling x2  
  25  2:40  Zergling x2  
  27  2:45  Drone  
  27  2:50  Queen  
  30  2:55  Metabolic Boost  
  30  2:59  Drone  
  31  3:09  Drone  
  31  3:11  Queen  
  34  3:21  Drone  
  34  3:24  Spine Crawler  
  34  3:26  Spine Crawler  
  33  3:31  Spore Crawler  
  32  3:34  Lair  
  32  3:36  Spore Crawler  
  32  3:39  Drone  
  32  3:41  Spine Crawler  
  31  3:42  Drone  
  31  3:46  Overlord  
  32  3:56  Drone x4  
  36  4:03  Roach Warren  
  36  4:09  Drone, Evolution Chamber  
  35  4:12  Drone  
  35  4:14  Drone  
  37  4:21  Drone x3  
  40  4:27  Drone, Evolution Chamber  
  40  4:28  Drone  
  41  4:34  Zergling x6  
  44  4:40  Overlord x2  
  44  4:45  Zerg Missile Weapons Level 1  
  44  4:47  Glial Reconstitution  
  44  4:57  Overlord x2  
  44  4:58  Overseer  
  44  5:01  Overseer  
  44  5:03  Drone x2  
  44  5:04  Drone x2  
  44  5:05  Drone  
  44  5:07  Drone  
  50  5:15  Spine Crawler  
  50  5:17  Spine Crawler  
  50  5:19  Roach, Spore Crawler  
  49  5:21  Roach  
  49  5:24  Unknown  
  49  5:25  Unknown  
  49  5:26  Drone x2  
  51  5:29  Drone  
  51  5:30  Drone  
  51  5:35  Extractor  
  52  5:36  Drone x3  
  52  5:41  Drone x2  
  57  5:49  Hydralisk Den  
  56  5:51  Drone  
  56  5:53  Roach  
  59  6:13  Zerg Ground Armor Level 1  
  59  6:20  Muscular Augments  
  59  6:21  Drone  
  59  6:22  Drone x2  
  59  6:24  Drone  
  59  6:25  Drone x2  
  65  6:28  Drone x3, Unknown  
  65  6:30  Hydralisk  
  65  6:31  Hydralisk x2  
  71  6:43  Roach x2  
  72  6:50  Drone  
  71  6:55  Roach  
  71  7:00  Zerg Missile Weapons Level 2  
  71  7:05  Infestation Pit  
  70  7:10  Hatchery  
  70  7:11  Hatchery  
  70  7:12  Hatchery  
  70  7:13  Hatchery  
  66  7:31  Hydralisk x2  
  66  7:32  Roach x3  
  66  7:33  Overlord x4  
  76  7:42  Queen  
  75  7:56  Spore Crawler  
  74  8:01  Spine Crawler  
  74  8:05  Roach, Spine Crawler, Hydralisk x2  
  76  8:06  Roach x2  
  82  8:16  Drone x3  
  82  8:19  Drone x2  
  89  8:21  Drone  
  89  8:25  Grooved Spines  
  90  8:29  Hive  
  90  8:32  Drone  
  90  8:33  Drone x5  
  94  8:35  Spore Crawler  
  94  8:37  Drone  
  94  8:38  Drone, Unknown  
  94  8:39  Drone  
  95  8:43  Drone x3  
  98  8:55  Hydralisk x4  
  98  9:01  Pathogen Glands  
  106  9:06  Burrow  
  106  9:09  Pneumatized Carapace  
  106  9:14  Overlord x2  
  106  9:16  Overseer  
  106  9:35  Drone x2  
  106  9:36  Drone x3  
  111  9:49  Lurker Den  
  128  10:03  Overlord x2  
Show
View Real Time Build Order
Export as new Build Order

Anarchy Terran 

Build Orders:  

Get SALT Encoding   

  12  0:01  SCV  
  13  0:13  SCV  
  14  0:23  Supply Depot  
  14  0:25  SCV  
  15  0:30  Refinery  
  15  0:44  SCV  
  15  0:46  Barracks  
  16  0:56  SCV  
  17  1:08  SCV  
  18  1:20  SCV  
  19  1:33  Marine  
  19  1:34  Orbital Command  
  20  1:43  Factory  
  20  1:45  Refinery  
  20  1:51  Marine  
  21  2:03  Supply Depot, SCV  
  22  2:09  Marine  
  23  2:25  SCV  
  23  2:26  Supply Depot  
  23  2:27  Marine  
  23  2:29  Factory Tech Lab  
  25  2:32  Starport  
  26  2:37  SCV  
  26  2:44  Marine  
  26  2:47  Siege Tank  
  30  2:57  Supply Depot  
  30  3:00  Barracks, SCV  
  30  3:04  Marine  
  32  3:09  Medivac  
  34  3:15  SCV  
  35  3:21  Siege Tank  
  35  3:22  Marine  
  39  3:27  SCV  
  40  3:40  Barracks  
  40  3:42  SCV  
  40  3:44  Starport Reactor  
  40  3:48  Barracks Tech Lab  
  41  4:08  SCV  
  41  4:09  Siege Tank  
  45  4:11  Marine x2  
  47  4:19  Supply Depot  
  47  4:20  Stimpack  
  47  4:22  Supply Depot  
  47  4:41  Marine x2  
  40  5:00  Marine x2  
  40  5:01  Siege Tank  
  40  5:02  Barracks Reactor  
  45  5:24  Marine x2  
  45  5:27  Medivac  
  49  5:42  Marine  
  50  5:44  SCV  
  50  5:48  Marine  
  50  5:49  Marine x2  
  54  5:51  Barracks  
  54  5:52  Barracks  
  54  5:59  Marine  
  55  6:05  Siege Tank  
  55  6:06  Marine  
  55  6:07  Marine x2  
  55  6:08  Combat Shield  
  61  6:17  Marine  
  62  6:23  Marine  
  63  6:42  Supply Depot x2  
  63  6:45  Barracks Tech Lab  
  63  6:46  Barracks Reactor  
  63  7:03  Marine x4, Siege Tank  
  63  7:05  Supply Depot  
  70  7:11  Engineering Bay  
  70  7:13  Engineering Bay  
  70  7:21  Marine x4  
  66  7:35  Siege Tank  
  66  7:49  Marine x3  
  66  7:50  Marauder, Marine  
  72  7:51  Medivac  
  72  7:53  Terran Infantry Weapons Level 1  
  72  7:55  Supply Depot  
  72  7:57  Supply Depot  
  74  8:06  Terran Infantry Armor Level 1, Marine x4  
  78  8:27  Supply Depot  
  78  8:34  Supply Depot  
  78  8:43  Marine x2  
  78  8:44  Medivac  
  82  8:53  Armory  
  82  9:01  Marine  
  82  9:02  Marine  
  84  9:03  Marine x2  
  84  9:04  Supply Depot  
  84  9:15  Marine x3  
  87  9:29  Marine  
  87  9:30  Siege Tank  
  91  9:31  Marine x2  
  93  9:50  Marine x4  
  93  9:51  Marine x3  
Show
View Real Time Build Order
Export as new Build Order

NomaD Zerg 

Build Orders: 3 Hatch before Pool 

Get SALT Encoding   

  12  0:01  Drone  
  13  0:12  Overlord  
  13  0:16  Drone  
  14  0:30  Drone  
  14  0:31  Drone  
  14  0:35  Drone  
  17  0:46  Drone  
  18  1:07  Drone x2  
  20  1:25  Hatchery x2  
  19  1:28  Drone x2  
  20  2:33  Extractor, Drone x3  
  20  2:34  Extractor  
  21  2:38  Spawning Pool  
  20  3:05  Drone x6  
  25  3:06  Drone x2  
  28  3:31  Lair  
  28  3:38  Queen, Evolution Chamber  
  28  3:39  Queen  
  28  3:41  Evolution Chamber  
  30  3:42  Overlord x4  
  30  3:43  Overlord x2  
  30  3:53  Baneling Nest  
  29  4:17  Zerg Melee Weapons Level 1  
  29  4:18  Zerg Ground Armor Level 1  
  29  4:36  Pneumatized Carapace  
  29  4:48  Zergling x12  
  29  4:49  Zergling x6  
  38  5:01  Drone x2  
  38  5:02  Drone x5  
  45  5:54  Centrifical Hooks  
  45  5:56  Baneling x9  
  45  6:19  Baneling x5  
  45  6:24  Spine Crawler x2  
  45  6:25  Spine Crawler  
  42  6:26  Spine Crawler  
  42  6:27  Spine Crawler x2  
  42  6:29  Spine Crawler  
  38  6:53  Zerg Melee Weapons Level 2  
  39  7:08  Zergling x6  
  39  7:09  Zergling x36  
  39  7:14  Metabolic Boost  
  52  7:57  Baneling  
  52  7:58  Baneling x9  
  52  8:15  Overlord  
  52  8:16  Overlord x7  
  52  8:28  Baneling x2  
  52  8:53  Queen  
  54  8:55  Queen  
  50  9:48  Queen x2  
  56  9:56  Hatchery  
  56  9:58  Hatchery  
  54  10:18  Infestation Pit  
Show
View Real Time Build Order
Export as new Build Order

IA (Difícil) Zerg 

Build Orders: 1 Base Baneling Bust, Pool Only 

Get SALT Encoding   

  12  0:01  Drone  
  13  0:12  Overlord  
  13  0:17  Drone  
  14  0:30  Drone  
  14  0:31  Drone  
  16  0:41  Spawning Pool  
  15  0:44  Drone  
  15  0:47  Drone  
  17  0:50  Extractor  
  17  0:55  Drone  
  17  1:05  Overlord  
  17  1:28  Queen  
  17  1:30  Zergling x2  
  20  1:35  Roach Warren  
  20  1:38  Drone  
  20  1:39  Drone  
  21  1:41  Extractor  
  20  1:48  Zergling x2  
  21  1:59  Drone  
  22  2:09  Overlord  
  22  2:21  Drone  
  23  2:31  Roach  
  23  2:35  Drone  
  26  2:40  Overlord  
  26  2:44  Roach  
  28  2:56  Roach  
  30  3:05  Overlord  
  30  3:08  Roach  
  32  3:20  Roach  
  34  3:32  Roach  
  36  3:34  Overlord  
  36  3:38  Drone  
  37  3:41  Drone  
  37  3:44  Roach  
  37  3:46  Drone  
  41  3:50  Drone  
  42  3:58  Drone  
  43  4:05  Baneling Nest  
  43  4:09  Roach  
  44  4:10  Drone, Evolution Chamber  
  44  4:12  Drone  
  44  4:20  Drone  
  44  4:21  Zergling x2  
  46  4:33  Roach  
  48  4:45  Roach  
  50  4:57  Roach  
  52  5:09  Roach  
  54  6:40  Lair, Overlord  
  54  6:41  Zerg Melee Weapons Level 1, Drone  
  54  6:42  Drone, Evolution Chamber  
  54  6:44  Drone, Spore Crawler  
  55  6:47  Drone, Spore Crawler  
  55  6:58  Overlord, Drone  
  56  7:09  Zerg Ground Armor Level 1  
  56  7:12  Spine Crawler  
  56  7:14  Drone  
  56  7:16  Spine Crawler  
  56  7:17  Drone  
  55  7:37  Zergling x2, Queen  
  55  7:38  Overseer x2  
  55  7:41  Hydralisk Den, Drone  
  43  7:45  Drone, Infestation Pit  
  43  7:47  Drone, Spire  
  41  8:09  Hydralisk  
  43  8:13  Burrow  
  43  8:20  Hydralisk  
  45  8:31  Hydralisk  
  47  8:42  Hydralisk  
  49  8:53  Zergling x2  
  49  9:04  Ravager, Roach  
  52  9:15  Ravager x2, Roach  
  56  9:26  Roach  
Show
View Real Time Build Order
Export as new Build Order

IA (Difícil) Terran 

Build Orders:  

Get SALT Encoding   

  12  0:01  SCV  
  13  0:13  SCV  
  14  0:17  Supply Depot  
  14  0:25  SCV  
  15  0:39  SCV  
  16  0:44  Barracks  
  16  0:46  Refinery  
  16  0:51  SCV  
  17  1:03  SCV  
  18  1:15  SCV  
  18  1:16  Supply Depot  
  19  1:28  SCV  
  19  1:31  Marine  
  21  1:35  Barracks  
  21  1:41  Orbital Command  
  21  1:42  Refinery  
  21  1:50  Barracks Tech Lab  
  21  2:00  Supply Depot  
  21  2:07  Marine  
  22  2:25  Marine  
  22  2:28  Marine  
  24  2:33  Supply Depot  
  24  2:43  Marine  
  25  2:46  Marine  
  26  3:01  Marine  
  26  3:04  Marine  
  28  3:06  Supply Depot  
  28  3:08  SCV  
  29  3:19  Marauder  
  31  3:20  Engineering Bay, SCV  
  31  3:22  Marine  
  33  3:32  SCV  
  34  3:39  Marine  
  35  3:43  Marine  
  35  3:44  SCV  
  37  3:56  SCV  
  37  3:57  Marine  
  37  4:01  Marine  
  40  4:08  SCV  
  41  4:15  Marine  
  42  4:19  Marauder  
  44  4:41  Marauder  
  46  5:02  Marauder  
  48  6:17  SCV  
  48  6:22  Barracks Tech Lab  
  48  6:23  Stimpack  
  48  6:24  Terran Infantry Weapons Level 1  
  48  6:26  Factory  
  48  6:29  Factory, SCV  
  49  6:33  Supply Depot  
  49  6:35  Missile Turret  
  49  6:38  Missile Turret  
  49  6:39  Concussive Shells  
  49  6:42  Barracks  
  49  6:54  SCV  
  49  6:56  Supply Depot  
  49  7:00  Bunker  
  50  7:11  Factory Tech Lab  
  50  7:16  Starport  
  50  7:20  Starport  
  50  7:21  Supply Depot, Marine  
  50  7:22  Combat Shield, Factory Tech Lab  
  35  7:32  Marine  
  30  7:43  Marine  
  31  7:53  Starport Tech Lab  
  31  7:54  Marine  
  31  7:55  Starport Tech Lab  
  32  8:04  Marine  
  33  8:12  Raven  
  33  8:13  Raven  
  33  8:15  Marine  
  33  8:18  Terran Infantry Armor Level 1  
  38  8:26  Sensor Tower, Marine  
  39  8:37  Marauder  
  39  8:39  Armory  
  41  8:46  Barracks Reactor  
  41  8:48  Marauder  
  43  8:58  Banshee  
  46  9:09  Siege Tank  
  49  9:12  SCV  
  49  9:20  Cyclone  
  52  9:31  Viking  
  54  9:41  Banshee  
Show
View Real Time Build Order
Export as new Build Order

IA (Difícil) Protoss 

Build Orders:  

Get SALT Encoding   

  12  0:01  Probe  
  13  0:13  Probe  
  14  0:21  Pylon  
  14  0:25  Probe  
  15  0:35  Probe  
  16  0:43  Probe  
  16  0:46  Assimilator  
  16  0:49  Gateway  
  17  0:52  Probe  
  18  0:59  Pylon  
  18  1:00  Probe  
  19  1:16  Probe  
  20  1:36  Zealot  
  20  1:37  Gateway  
  20  1:39  Cybernetics Core  
  22  1:41  Assimilator  
  22  1:57  Pylon  
  22  2:06  Warp Gate, Zealot  
  24  2:28  Adept  
  26  2:34  Pylon  
  26  2:40  Adept  
  28  2:58  Adept  
  30  3:07  Probe  
  30  3:10  Adept  
  33  3:18  Pylon  
  33  3:19  Probe  
  34  3:27  Stalker  
  34  3:31  Probe  
  34  3:32  Forge  
  37  3:40  Adept  
  39  3:43  Probe  
  40  3:55  Probe  
  41  4:05  Adept, Probe  
  44  4:18  Stalker  
  46  4:31  Adept  
  48  6:11  Sentry, Probe, Protoss Ground Weapons Level 1  
  48  6:15  Gateway  
  51  6:19  Pylon  
  51  6:21  Photon Cannon  
  51  6:22  Stalker  
  51  6:23  Photon Cannon  
  53  6:27  Robotics Facility  
  53  6:31  Forge  
  53  6:33  Sentry  
  53  6:34  Stargate  
  53  6:35  Probe  
  54  6:43  Pylon  
  54  6:45  Stalker  
  50  6:52  Twilight Council  
  46  6:55  Zealot  
  42  7:03  Protoss Ground Armor Level 1  
  42  7:08  Adept  
  40  7:16  Observer  
  40  7:18  Stalker  
  43  7:29  Sentry  
  45  7:38  Observer  
  45  7:40  Zealot  
  48  7:51  Stalker  
  50  7:53  Blink  
  50  8:01  Stalker  
  52  8:12  Stalker  
  54  8:23  Sentry  
  56  8:34  Adept  
Tags
 
Add a new tag
Caveats
  • Supply blocks, unpowered buildings, or Contaminate may cause inaccurate times.
  • Supply counts are checked every 10 seconds.